 Dungeon Crawl Stone Soup version 0.31-a0-214-gb37851d (webtiles) character file.

Game seed: 119496556076002996

1569 Dawnplanks the Zephyrmancer (level 8, -7/44 HPs)
             Began as a Tengu Air Elementalist on July 1, 2023.
             Was an Initiate of Vehumet.
             Mangled by Duvessa
             ... wielding a +2 short sword of electrocution
              (21 damage)
             ... on level 6 of the Dungeon.
             The game lasted 00:16:17 (6861 turns).

Dawnplanks the Zephyrmancer (TeAE)                  Turns: 6861, Time: 00:16:17

Health: -7/44      AC:  2    Str:  9    XL:     8   Next: 90%
Magic:  17/17      EV: 16    Int: 23    God:    Vehumet [......]
Gold:   217        SH:  0    Dex: 21    Spells: 6/18 levels left

rFire   . . .        t - +12 glaive of Prune {freeze, Prune}
rCold   . . .        (shield currently unavailable)
rNeg    . . .        a - +0 robe
rPois   .            (helmet restricted)
rElec   .            l - scarf {repulsion}
rCorr   .            (no gloves)
SInv    .            (boots unavailable)
Will    .....        E - amulet of the acrobat
Stlth   ++           y - +6 ring of intelligence
HPRegen 0.27/turn    D - +6 ring of dexterity
MPRegen 0.15/turn

%: repel missiles, acrobat
@: flying quickly and evasively, quick
A: beak, talons 3, nimble flight
a: Renounce Religion


You were on level 6 of the Dungeon.
You worshipped Vehumet.
Vehumet was noncommittal.
You visited 2 branches of the dungeon, and saw 7 of its levels.
You also visited: Sewer.

You collected 245 gold pieces.
You spent 28 gold pieces at shops.

Inventory:

Hand Weapons
 e - a +2 whip of electrocution
 t - the +12 glaive of Prune (weapon) {freeze, Prune}
   (You found it on level 2 of the Dungeon)

   Prune:     It halves damage taken while paralysed, petrified or unconscious.
Missiles
 B - 2 throwing nets
Armour
 a - a +0 robe (worn)
 l - a scarf of repulsion (worn)
Jewellery
 y - a +6 ring of intelligence (left hand)
 D - a +6 ring of dexterity (right hand)
 E - an amulet of the acrobat (around neck)
 F - an amulet of guardian spirit
Wands
 z - a wand of digging (7)
 A - a wand of charming (13)
Scrolls
 c - a scroll of enchant armour {unknown}
 i - a scroll of revelation {unknown}
 j - 2 scrolls of noise
 k - 2 scrolls of fear {unknown}
 m - 4 scrolls of fog {unknown}
 o - 6 scrolls of teleportation
 p - 2 scrolls of immolation {unknown}
 q - 3 scrolls of amnesia {unknown}
 r - a scroll of blinking {unknown}
 u - a scroll of poison {unknown}
 v - a scroll of brand weapon {unknown}
 G - a scroll of torment {unknown}
Potions
 b - a potion of magic
 d - a potion of ambrosia {unknown}
 g - 2 potions of mutation {unknown}
 h - 2 potions of curing
 n - 5 potions of enlightenment
 s - 2 potions of resistance
 w - 3 potions of attraction
 x - a potion of cancellation {unknown}
 C - a potion of brilliance {unknown}


   Skills:
 + Level 1.8 Fighting
 - Level 0.1 Maces & Flails
 + Level 4.8 Polearms
 + Level 3.0 Dodging
 - Level 2.0 Stealth
 + Level 5.6 Spellcasting
 + Level 6.3 Conjurations
 + Level 0.1 Translocations
 + Level 8.1 Air Magic


You had 6 spell levels left.
You knew the following spells:

 Your Spells              Type           Power      Damage    Failure   Level
a - Shock                 Conj/Air       100%       1d9       1%          1
b - Swiftness             Air            43%        N/A       1%          3
c - Airstrike             Air            21%        2d(4-20)  3%          4
d - Static Discharge      Conj/Air       78%        2-6/arc   1%          2
e - Momentum Strike       Conj/Tloc      42%        3d9       3%          2

Your spell library contained the following spells:

 Spells                   Type           Power      Damage    Failure   Level
 Apportation              Tloc           14%        N/A       9%          1
 Beastly Appendage        Tmut           12%        N/A       9%          1
 Necrotise                Necr           24%        1d5       9%          1
 Summon Small Mammal      Summ           24%        N/A       9%          1
 Blink                    Tloc           14%        N/A       13%         2
 Lesser Beckoning         Tloc           14%        N/A       13%         2
 Wereblood                Tmut           6%         N/A       13%         2
 Ozocubu's Armour         Ice            6%         N/A       26%         3
 Spider Form              Tmut/Pois      6%         N/A       26%         3
 Summon Forest            Summ/Tloc      3%         N/A       94%         5
 Eringya's Noxious Bog    Tmut/Pois      3%         N/A       100%        6
 Ozocubu's Refrigeration  Ice            3%         4d8       100%        7
 Summon Hydra             Summ           3%         N/A       100%        7


Dungeon Overview and Level Annotations

Branches:
Dungeon (6/15)             Temple (1/1) D:4           Sewer (visited)

Altars:
Ashenzari
Cheibriados
Dithmenos
Elyvilon
Gozag
Hepliaklqana
Kikubaaqudgha
Makhleb
Ru
Sif Muna
Trog
Uskayaw
Vehumet
Wu Jian
Xom
Yredelemnul

Shops:
D:3 ?

Annotations:
D:4 3 runed translucent doors, LionelHutz's ghost, amateur DjCj
D:5 1 runed translucent door, Crazy Yiuf
D:6 Duvessa


Innate Abilities, Weirdness & Mutations

You have a beak for a mouth.
You have claws for feet.
Your magical nature lets you fly swiftly and evasively.


Message History

The concentrated momentum hits Dowan.
Dowan is severely wounded.
You are unable to move.
Casting: Momentum Strike (safe; 3% risk of failure)
Confirm with . or Enter, or press ? or * to list all spells.
Aiming: Airstrike (dangerous; 3% risk of failure)
Press: ? - help, Dir - move target, f/p - Dowan
Aim: Dowan, wielding a +0 dagger and wearing a +0 robe (severely wounded, empty space bonus: 5/8)
The air twists around and strikes Dowan.
Dowan is almost dead.
Dowan points at you and mumbles some strange words.
The puff of frost is repelled.
The zap hits Dowan.
You kill Dowan!
Vehumet accepts your kill.
You hear a distant scream of rage.
You are no longer robbed of momentum.
You hear a distant slurping noise.
You hear a distant slurping noise.
Duvessa, Sister of Dowan comes into view.
She is wielding a +2 short sword of electrocution and wearing a +0 chain mail of poison resistance.
Duvessa goes berserk!
Duvessa rages.
Duvessa completely misses you.
You slash Duvessa! You freeze Duvessa. You claw Duvessa, but do no damage.
Duvessa is lightly wounded.
Duvessa closely misses you. Duvessa completely misses you.
You hit Duvessa. You freeze Duvessa.
Duvessa is moderately wounded.
Duvessa hits you with a +2 short sword of electrocution!
Duvessa hits you with a +2 short sword of electrocution.
You are electrocuted!
You feel much better.
Duvessa hits you with a +2 short sword of electrocution!!
You feel much better.
Duvessa hits you with a +2 short sword of electrocution! x2
You hit Duvessa. You freeze Duvessa. You claw Duvessa, but do no damage.
Duvessa is moderately wounded.
Duvessa closely misses you.
Duvessa hits you with a +2 short sword of electrocution!!
You die...

#. #.# #.##.#####
#........#####
#.#.....)..>.#
#......#.###.#
..#...##.#
#.#########
##.###.###.........#
#.# #...........#
#.# #####.###@..#
##.#######.# #e.##
##..........# #.##
##.....#####.. ...
#.......# ### #.#
.........# ..#
.........+ ..#
.........# ..#
#.......##


You could see Duvessa (berserk).

Vanquished Creatures
  Sigmund (D:3)
  Edmund (D:5)
  The ghost of PiratePeteNZ the Trooper, an amateur MiMo (D:3)
  An ogre (D:4)
  A centaur (D:5)
  3 phantoms
  3 kobold brigands
  A scorpion (D:6)
  Dowan (D:6)
  A hound (D:5)
  A gnoll bouda (D:5)
  A jelly (D:6)
  4 iguanas
  8 adders
  8 gnolls
  2 river rats (Sewer)
  A shadow imp (D:5)
  2 ufetubi (D:5)
  3 worms (D:3)
  2 dart slugs (D:2)
  6 orcs
  14 ball pythons
  6 endoplasms
  6 giant cockroaches
  10 goblins
  7 hobgoblins
  3 jackals
  7 quokkas
  7 bats
  4 frilled lizards
  13 kobolds
  7 rats
136 creatures vanquished.

Notes
Turn   | Place    | Note
-------+----------+-------------------------------------------
     0 | D:1      | Dawnplanks the Tengu Air Elementalist began the quest for
                  | the Orb.
     0 | D:1      | Reached XP level 1. HP: 10/10 MP: 4/4
   232 | D:1      | Reached XP level 2. HP: 15/15 MP: 4/6
  1046 | D:1      | Reached XP level 3. HP: 19/19 MP: 5/7
  1469 | D:2      | Reached skill level 5 in Air Magic
  1778 | D:2      | Reached XP level 4. HP: 24/24 MP: 6/9
  2401 | D:2      | Found the +12 glaive of Prune {freeze, Prune}
  2844 | D:3      | Noticed Sigmund
  2852 | D:3      | Killed Sigmund
  2853 | D:3      | Reached skill level 1 in Polearms
  2853 | D:3      | Reached skill level 6 in Air Magic
  2853 | D:3      | Gained mutation: Your magical nature lets you fly swiftly
                  | and evasively. [Tengu growth]
  2853 | D:3      | Reached XP level 5. HP: 7/28 MP: 5/11
  2853 | D:3      | Reached XP level 6. HP: 8/33 MP: 5/12
  2966 | D:3      | Found a glowing drain.
  2980 | Sewer    | Entered a sewer
  3084 | Sewer    | Reached XP level 7. HP: 25/37 MP: 1/14
  3194 | Sewer    | Found a white marble altar of Elyvilon.
  3369 | D:3      | Found The Oracle's Delphic Readings.
  3379 | D:3      | Bought a scroll of identify for 28 gold pieces
  3482 | D:3      | Found a runed translucent door.
  3487 | D:3      | Noticed PiratePeteNZ's ghost (amateur MiMo)
  3535 | D:3      | Learned a level 3 spell: Swiftness
  3541 | D:3      | Killed PiratePeteNZ's ghost
  3668 | D:3      | Found a shadowy altar of Dithmenos.
  3855 | D:4      | Reached skill level 1 in Fighting
  4039 | D:4      | Found a runed translucent gate.
  4040 | D:4      | Found a runed translucent gate.
  4040 | D:4      | Found a runed translucent gate.
  4040 | D:4      | Found an opulent altar of Gozag.
  4044 | D:4      | Noticed a yak
  4044 | D:4      | Noticed LionelHutz's ghost (amateur DjCj)
  4102 | D:4      | Reached skill level 7 in Air Magic
  4371 | D:4      | Found a staircase to the Ecumenical Temple.
  4380 | Temple   | Entered the Ecumenical Temple
  4435 | Temple   | Became a worshipper of Vehumet
  4917 | D:5      | Entered Level 5 of the Dungeon
  5131 | D:5      | Reached skill level 5 in Conjurations
  5131 | D:5      | Reached XP level 8. HP: 43/43 MP: 13/16
  5487 | D:5      | Found a runed translucent door.
  5488 | D:5      | Noticed Crazy Yiuf
  5611 | D:5      | Learned a level 4 spell: Airstrike
  5614 | D:5      | Learned a level 2 spell: Static Discharge
  5727 | D:5      | Learned a level 2 spell: Momentum Strike
  5814 | D:5      | Reached skill level 5 in Spellcasting
  6309 | D:5      | Noticed Edmund
  6314 | D:5      | Killed Edmund
  6315 | D:5      | Reached skill level 8 in Air Magic
  6776 | D:6      | Noticed Dowan
  6782 | D:6      | Killed Dowan
  6855 | D:6      | Noticed Duvessa
  6861 | D:6      | Mangled by Duvessa

Illustrated notes

Levels and vault maps discovered:
D:1:      dpeg_arrival_yet_another_circle, layout_loops_ring
D:2:      minmay_chambers_of_ones, layout_basic, serial_forest,
          infiniplex_forest_clump_double, infiniplex_forest_zigzag_1,
          infiniplex_forest_lined_corner, infiniplex_forest_corner_1,
          infiniplex_forest_clump_curved, infiniplex_forest_clump_small,
          infiniplex_forest_zigzag_1, infiniplex_forest_corner_1,
          infiniplex_forest_corner_1, kennysheep_generic_room_2
D:3:      layout_rooms, nicolae_dithmenos_shadow_blocks,
          cheibrodos_sewer_entry_drain, hellmonk_ghost_happy_afterlife,
          nicolae_nh_oracle_at_delphi, uniq_sigmund
D:4:      layout_layer_cave, minmay_temple_entry_sparse_star,
          ebering_ghost_gozag
D:5:      minmay_recursive_quarters, layout_basic, minmay_misc_feat_columns,
          uniq_edmund, uniq_crazy_yiuf_cottage
D:6:      kennysheep_six_static_rooms, layout_loops_corners,
          kennysheep_generic_room_15, uniq_duvessa
Temple:   bh_familiar_temple

Skill      XL: |  1  2  3  4  5  6  7  8 |
---------------+-------------------------+-----
Air Magic      | 5 6 7 8 |  8.1
Conjurations   | 2 3 4 5 6 |  6.3
Spellcasting   | 3 4 5 |  5.6
Polearms       | 1 4 |  4.8
Fighting       | 1 |  1.8
Dodging        | 3 |  3.0
Maces & Flails | |  0.1
Stealth        | |  2.0
Translocations | |  0.1

Action                     |  1- 3 |  4- 6 |  7- 9 || total
---------------------------+-------+-------+-------++-------
  Melee: Peck              |     2 |       |     3 ||     5
         Unarmed           |     2 |       |       ||     2
         Whip              |     3 |       |       ||     3
         Kick              |     1 |       |    11 ||    12
         Glaive            |       |    12 |    55 ||    67
  Throw: Dart              |       |       |     2 ||     2
   Cast: Shock             |    75 |    55 |   127 ||   257
         Swiftness         |       |       |     2 ||     2
         Airstrike         |       |       |     3 ||     3
         Momentum Strike   |       |       |     3 ||     3
    Use: Scroll            |       |       |     5 ||     5
         Potion            |       |       |     5 ||     5
   Stab: Sleeping          |       |       |     2 ||     2
         Distracted        |       |       |     1 ||     1
 Armour: Robe              |     1 |       |     6 ||     7
  Dodge: Dodged            |     3 |     6 |    51 ||    60
         Repelled          |     1 |     3 |     1 ||     5

Table legend: (Time is in decaauts)
 A = Elapsed time spent in this place.
 B = Non-inter-level travel time spent in this place.
 C = Inter-level travel time spent in this place.
 D = Time resting spent in this place.
 E = Time spent auto-exploring this place.
 F = Levels seen in this place.
 G = Mean time per level.
                   A        B        C        D        E       F      G
               +--------+--------+--------+--------+--------+-----+--------+
         Total |   6654 |   6420 |    234 |     96 |   5527 |   8 |  831.8 |
       Dungeon |   6226 |   6015 |    211 |     96 |   5192 |   6 | 1037.7 |
        Temple |    181 |    158 |     23 |      0 |    151 |   1 |  181.0 |
         Sewer |    246 |    246 |      0 |      0 |    184 |   1 |  246.0 |
               +--------+--------+--------+--------+--------+-----+--------+

Top non-repeatable levels by time:
     D:2: 1612 daAuts
     D:5: 1568 daAuts
     D:1: 1270 daAuts
     D:3: 757 daAuts
     D:4: 751 daAuts
     D:6: 266 daAuts
   Sewer: 246 daAuts
  Temple: 181 daAuts
